 Dungeon Crawl Stone Soup version 0.28.0 (webtiles) character file.

Game seed: 8298886849684743355

91 freelancePsychic the Magician (level 4, 0/32 HPs)
             Began as a Palentonga Hedge Wizard on Feb 8, 2022.
             Slain by a kobold (3 damage)
             ... in a sewer.
             The game lasted 00:04:31 (3099 turns).

freelancePsychic the Magician (PaWz)                Turns: 3099, Time: 00:04:32

Health: 0/32       AC:  4    Str: 14    XL:     4   Next: 34%
Magic:  2/9        EV:  9    Int: 16    God:
Gold:   105        SH:  0    Dex:  9    Spells: 8/10 levels left

rFire   . . .      SeeInvis +   a - +0 dagger
rCold   . . .      Faith    .   (no shield)
rNeg    . . .      Spirit   .   b - +0 robe
rPois   .          Reflect  .   c - +0 hat
rElec   .          Harm     .   (no cloak)
rCorr   .          Rampage  .   (no gloves)
Will    .....                   (no barding)
Stlth   +.........              (no amulet)
HPRegen 0.10/turn               (no ring)
MPRegen 0.11/turn               (no ring)

@: very slightly contaminated
A: large, rugged brown scales 3, see invisible, deformed body, roll 1, armoured
tail
a: Rolling Charge


You were in a sewer.
You visited 1 branch of the dungeon, and saw 3 of its levels.
You also visited: Sewer.

You collected 105 gold pieces.

Inventory:

Hand Weapons
 a - a +0 dagger (weapon)
Missiles
 g - 4 stones
Armour
 b - a +0 robe (worn)
 c - a +0 hat (worn)
Scrolls
 f - 3 scrolls of identify {@r1}


   Skills:
 - Level 1.5 Dodging
 - Level 1.2 Stealth
 - Level 3.6 Spellcasting
 + Level 2.7 Conjurations
 - Level 0.7 Summonings
 - Level 1.0 Translocations
 + Level 1.3 Earth Magic


You had 8 spell levels left.
You knew the following spells:

 Your Spells              Type           Power      Damage    Failure   Level
a - Magic Dart            Conj           44%        1d5       6%          1
b - Sandblast             Erth           14%        2d6       10%         1

Your spell library contained the following spells:

 Spells                   Type           Power      Damage    Failure   Level
 Static Discharge         Conj/Air       7%         N/A       16%         2
 Blink                    Tloc           12%        N/A       17%         2
 Slow                     Hex            8%         N/A       19%         1
 Call Imp                 Summ           5%         N/A       21%         2
 Passwall                 Tmut/Erth      4%         N/A       21%         2
 Stone Arrow              Conj/Erth      18%        3d8       22%         3
 Conjure Flame            Conj/Fire      7%         6-21      30%         3
 Mephitic Cloud           Conj/Pois/Air  5%         N/A       36%         3
 Sticky Flame             Conj/Fire      7%         2d3       69%         4
 Dispel Undead            Necr           2%         3d7       87%         4


Dungeon Overview and Level Annotations

Branches:
Dungeon (3/15)              Sewer (1/1)

Altars:
The Shining One

Annotations:
D:3 Sigmund


Innate Abilities, Weirdness & Mutations

You are completely covered in rugged brown scales. (AC +3, +7% HP)
You have supernaturally acute eyesight. (SInv)
Armour fits poorly on your strangely shaped body.
You can roll at nearby foes to attack.
You have a long armoured tail.


Message History

The kobold hits you with a +0 dagger.
The kobold brigand hits you with a +0 short sword.
The kobold hits you with a +0 short sword.
The kobold barely misses you.
Casting: Sandblast (safe; 10% risk of failure)
Confirm with . or Enter, or press ? or * to list all spells.
Aiming: Sandblast (safe; 10% risk of failure)
Press: ? - help, Shift-Dir - straight line, f/p - kobold brigand
Aim: a kobold brigand, wielding a +0 short sword and quivering poisoned darts (heavily wounded, 72% to hit)
The blast of sand hits the kobold brigand but does no damage.
The kobold brigand is heavily wounded.
g - 5 stones The kobold hits you but does no damage.
The kobold brigand hits you with a +0 short sword.
The kobold barely misses you. The kobold hits you but does no damage.
Casting: Sandblast (safe; 10% risk of failure)
Confirm with . or Enter, or press ? or * to list all spells.
Aiming: Sandblast (safe; 10% risk of failure)
Press: ? - help, Shift-Dir - straight line, f/p - kobold brigand
Aim: a kobold brigand, wielding a +0 short sword and quivering poisoned darts (heavily wounded, 72% to hit)
The blast of sand hits the kobold brigand.
The kobold brigand is heavily wounded.
g - 4 stones The kobold hits you but does no damage.
The kobold brigand hits you with a +0 short sword.
* * * LOW HITPOINT WARNING * * *
The kobold hits you but does no damage. x2
You feel better. The kobold hits you but does no damage.
The kobold brigand hits you with a +0 short sword.
The kobold hits you with a +0 short sword.
* * * LOW HITPOINT WARNING * * *
The kobold hits you but does no damage.
As you read the scroll of summoning, it crumbles to dust.
Wisps of shadow whirl around you... The kobold barely misses you.
The kobold brigand hits you with a +0 short sword.
* * * LOW HITPOINT WARNING * * *
The kobold hits you with a +0 short sword.
* * * LOW HITPOINT WARNING * * *
The kobold hits you with a +0 dagger.
You die...

### ##### #.##.....
########........
#####...!#.bb..P....
#.∩.#....KK.........
#.∩.#.∩!.K@.≈P≈≈....
#...#.?..#KP≈≈≈≈...P
###'########S≈######
#≈≈≈≈≈≈≈≈≈≈≈≈≈≈≈≈≈≈≈
#≈≈≈≈≈≈≈≈≈≈≈≈≈≈≈≈≈≈≈
#≈≈≈≈≈≈≈≈≈≈≈≈≈≈≈≈≈≈≈
#################≈≈≈
≈≈≈ ≈.


You could see a kobold brigand (ally target), 3 kobolds, 2 friendly bats and a
friendly ball python (summoned).

Vanquished Creatures
  3 adders
  A worm (D:2)
  3 dart slugs
  3 endoplasms (D:1)
  3 giant cockroaches
  6 hobgoblins
  10 jackals
  4 quokkas (D:1)
  4 ball pythons
  3 bats (D:1)
  A frilled lizard (D:1)
  3 goblins
  2 kobolds (D:2)
  4 rats
50 creatures vanquished.

Notes
Turn   | Place    | Note
-------+----------+-------------------------------------------
     0 | D:1      | freelancePsychic the Palentonga Hedge Wizard began the
                  | quest for the Orb.
     0 | D:1      | Reached XP level 1. HP: 13/13 MP: 4/4
    87 | D:1      | Reached skill level 1 in Conjurations
   273 | D:1      | Reached XP level 2. HP: 20/20 MP: 0/6
   700 | D:1      | Found a faded altar of an unknown god.
   854 | D:1      | Reached XP level 3. HP: 25/25 MP: 1/8
  1874 | D:2      | Learned a level 1 spell: Sandblast
  2405 | D:2      | Reached skill level 1 in Earth Magic
  2533 | D:2      | Reached XP level 4. HP: 31/32 MP: 5/9
  2689 | D:3      | Noticed Sigmund
  2817 | D:3      | Found a glowing golden altar of the Shining One.
  2930 | D:3      | Found a glowing drain.
  2975 | Sewer    | Entered a sewer
  3088 | Sewer    | Noticed a kobold brigand
  3099 | Sewer    | Slain by a kobold

Illustrated notes

Levels and vault maps discovered:
D:1:      matt_arrival_debris, layout_basic, ebering_ecumenical_altar_hall
D:2:      layout_rooms
D:3:      layout_loops_ring, mainiacjoe_overflow_divided_tiny,
          dk_yredelemnul_ordeal, mainiacjoe_overflow_alcove_2,
          portal_sewer_entry_d, minivault_11, uniq_terence, uniq_sigmund
Sewer:    kennysheep_pipe_town

Skill      XL: |  1  2  3 |
---------------+----------+-----
Conjurations   | 1 2 |  2.7
Earth Magic    | 1 |  1.3
Dodging        | |  1.5
Stealth        | |  1.2
Spellcasting   | |  3.6
Summonings     | |  0.7
Translocations | |  1.0

Action                   |  1- 3 |  4- 6 || total
-------------------------+-------+-------++-------
Melee: Dagger            |    68 |    25 ||    93
       Tailslap          |     9 |     1 ||    10
 Cast: Magic Dart        |   106 |     4 ||   110
       Sandblast         |       |    12 ||    12
 Abil: Rolling Charge    |     3 |       ||     3
  Use: Potion            |     2 |     2 ||     4
       Scroll            |       |     2 ||     2
Armor: Robe              |    29 |    25 ||    54
Dodge: Dodged            |    28 |    24 ||    52
